 Dungeon Crawl Stone Soup version 0.21.1-1-g345015fe64 (webtiles) character file.

128 JarielCorvus the Ducker (level 5, -1/42 HPs)
             Began as a Merfolk Gladiator on July 10, 2018.
             Succumbed to an adder's poison
             ... on level 3 of the Dungeon.
             The game lasted 00:05:53 (2050 turns).

JarielCorvus the Ducker (Merfolk Gladiator)         Turns: 2050, Time: 00:05:53

Health: -1/42      AC:  7    Str: 20    XL:     5   Next: 12%
Magic:  5/5        EV: 15    Int:  8    God:
Gold:   115        SH:  3    Dex: 15    Spells: 4/4 levels left

rFire    x . .     SeeInvis .   a - +0 long sword
rCold    + . .     Gourm    .   (no shield)
rNeg     . . .     Faith    .   h - +0 scale mail
rPois    .         Spirit   .   c - +0 helmet
rElec    .         Reflect  +   (no cloak)
rCorr    .         Harm     .   (no gloves)
MR       .....                  (no boots)
Stlth    ..........             r - +3 amulet of reflection
HPRegen  0.14/turn              k - ring of ice
MPRegen  0.09/turn              m - +2 ring of evasion

@: mighty, lethally poisoned (-1 -> -15)
A: change form in water, swift swim, stealthy swim
a: no special abilities


You were on level 3 of the Dungeon.
You were hungry.

You visited 1 branch of the dungeon, and saw 3 of its levels.

You collected 115 gold pieces.

Inventory:

Hand Weapons
 a - a +0 long sword (weapon)
 e - a cursed -1 dagger
Missiles
 d - 3 throwing nets (quivered)
 q - 3 javelins
Armour
 b - a +1 leather armour
 c - a +0 helmet (worn)
 h - a +0 scale mail (worn)
Jewellery
 k - a ring of ice (left hand)
 m - a +2 ring of evasion (right hand)
 r - a +3 amulet of reflection (around neck)
Scrolls
 j - 2 scrolls of enchant armour
Potions
 n - a potion of degeneration {unknown}
 s - a potion of curing {unknown}
Comestibles
 f - 4 rations


   Skills:
 * Level 3.6 Fighting
 + Level 3.9 Long Blades
 + Level 2.8 Throwing
 * Level 5.3 Dodging


You had 4 spell levels left.
You didn't know any spells.

Dungeon Overview and Level Annotations

Branches:
Dungeon (3/15)

Altars:


Message History

* * * LOW HITPOINT WARNING * * *
You feel sick. The adder bites you.
* * * LOW HITPOINT WARNING * * *
Your scale mail prevents you from hitting the adder.
The adder is almost dead.
* * * LOW HITPOINT WARNING * * *
You feel sick.
The adder bites you but does no damage. x2
It was a potion of haste.
You feel yourself speed up.
* * * LOW HITPOINT WARNING * * *
You feel sick. The adder barely misses you.
You riposte.
You hit the adder.
You kill the adder!
It was a potion of cancellation.
Your magical effects are unravelling.
You feel magically purged.
You feel yourself slow down.
* * * LOW HITPOINT WARNING * * *
You feel sick.
It was a potion of might.
You feel very mighty all of a sudden.
You die...

### #. ..# ##+###. #
#.#
.......#######.#.#
...)...#.. ....#.###
.......#.# #.....#
.......#.#####(#)#.#
....?..#.......†<).#
..<...†@(.###..).(##
#########......#..#
#....(.....#.#
#..........#.#
#..........#.#
#..........#.#
#............#
#..........###
#..........#


There were no monsters in sight!

Vanquished Creatures
  Terence (D:2)
  5 adders
  A worm (D:3)
  A dart slug (D:1)
  A leopard gecko (D:2)
  3 orcs (D:3)
  4 hobgoblins (D:1)
  5 jackals
  4 kobolds
  A ball python (D:2)
  9 bats
  4 frilled lizards
  8 goblins
  4 rats
51 creatures vanquished.

Vanquished Creatures (others)
  A kobold (D:3)
1 creature vanquished.

Grand Total: 52 creatures vanquished

Notes
Turn   | Place    | Note
-------+----------+-------------------------------------------
     0 | D:1      | JarielCorvus the Merfolk Gladiator began the quest for the Orb.
     0 | D:1      | Reached XP level 1. HP: 16/16 MP: 1/1
   101 | D:1      | Reached XP level 2. HP: 20/23 MP: 2/2
   800 | D:1      | Reached XP level 3. HP: 28/28 MP: 3/3
  1289 | D:2      | Reached XP level 4. HP: 21/35 MP: 4/4
  1584 | D:2      | Noticed Terence
  1629 | D:2      | Killed Terence
  1629 | D:2      | Reached skill level 5 in Dodging
  1902 | D:3      | Reached XP level 5. HP: 33/41 MP: 5/5
  2048 | D:3      | HP: 2/41 [poisoned by an adder]
  2050 | D:3      | Succumbed to an adder's poison

Skill      XL: |  1  2  3  4 |
---------------+-------------+-----
Fighting       | 3 |  3.6
Dodging        | 5 |  5.3
Long Blades    | |  3.9
Throwing       | |  2.8

Action                   |  1- 3 |  4- 6 || total
-------------------------+-------+-------++-------
Melee: Long sword        |    98 |    59 ||   157
Throw: Javelin           |       |     3 ||     3
  Use: Scroll            |     3 |     2 ||     5
       Potion            |       |     3 ||     3
  Eat: Chunk             |     1 |     2 ||     3
Armor: Leather armour    |    31 |     7 ||    38
       Scale mail        |       |    17 ||    17
Dodge: Dodged            |    97 |    58 ||   155
Block: Other             |       |     8 ||     8
       Reflection        |       |     2 ||     2
       Rpst.: Long sword |    35 |    23 ||    58
